 Dungeon Crawl Stone Soup version 0.31-a0-632-g766dd24fdf (webtiles) character file.

Game seed: 12896712896950053774

249 Twinkles the Trooper (level 5, -19/47 (48) HPs)
             Began as a Minotaur Berserker on Aug 25, 2023.
             Was a Believer of Trog.
             Demolished by a wight
             ... wielding a +2 war axe
              (37 damage)
             ... on level 7 of the Dungeon.
             The game lasted 00:02:48 (3162 turns).

Twinkles the Trooper (Minotaur Berserker)           Turns: 3162, Time: 00:02:48

HP:   -19/47 (48)   AC:  5    Str: 23    XL:     5   Next: 87%
MP:   4/4           EV:  2    Int:  4    God:    Trog [**....]
Gold: 132           SH:  0    Dex: 14    Spells: 4/4 levels left

rFire   . . .        k - +0 sling "Yqunadin" {speed, rN+ Dex+4}
rCold   . . .        (no shield)
rNeg    + . .        u - +0 ring mail
rPois   .            (helmet restricted)
rElec   .            (no cloak)
rCorr   .            (no gloves)
SInv    .            (no boots)
Will    .....        (no amulet)
Stlth   +            (no ring)
HPRegen 0.27/turn    (no ring)
MPRegen 0.09/turn

%: no passive effects
@: sleeping, lightly drained
A: horns 2, retaliatory headbutt
a: Renounce Religion, Berserk, Trog's Hand


You were on level 7 of the Dungeon.
You worshipped Trog.
Trog was pleased with you.
You visited 1 branch of the dungeon, and saw 5 of its levels.

You collected 132 gold pieces.

Inventory:

Hand Weapons
 a - a +0 hand axe
 k - the +0 sling "Yqunadin" (weapon) {speed, rN+ Dex+4}
   (You found it on level 2 of the Dungeon)

   Dex+4:     It affects your dexterity (+4).
   rN+:       It protects you from negative energy.
 s - a +1 whip of freezing
Missiles
 t - 3 boomerangs
Armour
 b - a +0 animal skin
 u - a +0 ring mail (worn)
Wands
 i - a wand of iceblast (13)
 q - a wand of flame (16)
Scrolls
 c - 2 scrolls of revelation {unknown}
 d - 2 scrolls of butterflies {unknown}
 e - a scroll of torment {unknown}
 g - a scroll of fog {unknown}
 h - a scroll of enchant armour {unknown}
 j - 3 scrolls of identify {unknown}
 n - a scroll of poison {unknown}
 r - a scroll of brand weapon {unknown}
 v - a scroll of fear {unknown}
Potions
 f - a potion of heal wounds {unknown}
 l - 3 potions of degeneration {unknown}
 m - a potion of berserk rage {unknown}
 o - 5 potions of curing {unknown}
 p - 2 potions of brilliance {unknown}


   Skills:
 + Level 5.0 Fighting
 + Level 5.0 Axes
 + Level 4.2 Armour
 + Level 3.8 Dodging


You had 4 spell levels left.
You didn't know any spells.
Your spell library was empty.

Dungeon Overview and Level Annotations

Branches:
Dungeon (4/15) Zot: 26840
 Temple: D:4-7

Altars:
Ashenzari
Hepliaklqana
Nemelex Xobeh
Zin


Innate Abilities, Weirdness & Mutations

You have a pair of horns on your head.
You reflexively headbutt those who attack you in melee.


Message History

You shoot a sling bullet.
The sling bullet hits the sleepcap but does no damage.
The sleepcap closely misses you.
You shoot a sling bullet. The sling bullet hits the sleepcap.
The sleepcap is lightly damaged.
The sleepcap closely misses you. You furiously retaliate!
You headbutt the sleepcap! You shoot a sling bullet.
The sling bullet hits the sleepcap but does no damage.
The sleepcap is heavily damaged.
The sleepcap releases spores at you!
You shoot a sling bullet. The sling bullet hits the sleepcap.
The sleepcap is heavily damaged.
The sleepcap closely misses you.
You shoot a sling bullet.
The sling bullet hits the sleepcap but does no damage.
The sleepcap is heavily damaged.
The sleepcap closely misses you. The wight hits you with a +2 war axe!
You partially resist.
You feel drained.
You are too injured to fight recklessly!
You shoot a sling bullet.
The sling bullet hits the sleepcap but does no damage.
The sleepcap is heavily damaged.
The sleepcap barely misses you. You furiously retaliate!
You headbutt the sleepcap, but do no damage.
The wight hits you with a +2 war axe.
You shoot a sling bullet.
The sling bullet hits the sleepcap but does no damage.
The sleepcap is heavily damaged.
The sleepcap releases spores at you but does no damage.
The wight hits you with a +2 war axe!
You shoot a sling bullet.
The sling bullet hits the sleepcap but does no damage.
The sleepcap is heavily damaged.
The sleepcap releases spores at you.
You are engulfed in a cloud of soporific spores!
You fall asleep.
The wight hits you with a +2 war axe!!!
Ouch! That really hurt!
You die...

......##..#......#
..######..##.....#
..#...#....#.....#
..#...# ...#.....#
..'...# #.....#
..#...# #.....#
..#...# #.....#
..#...# #.....#
..#...# #....@#
..##### #...zf#
### ####.........
#.........
#.........
'.........
.#.........
.#......... .
#.........


You could see a sleepcap and a wight.

Vanquished Creatures
  An ogre (D:4)
  An orc priest (D:2)
  An orc wizard (D:2)
  5 adders
  A worm (D:2)
  3 orcs (D:2)
  2 bats
  5 endoplasms
  4 giant cockroaches
  9 goblins
  4 hobgoblins
  2 jackals (D:3)
  7 kobolds
  A quokka (D:3)
  6 ball pythons
  4 frilled lizards
  5 rats
61 creatures vanquished.

Notes
Turn   | Place    | Note
-------+----------+-------------------------------------------
     0 | D:1      | Twinkles the Minotaur Berserker began the quest for the
                  | Orb.
     0 | D:1      | Reached XP level 1. HP: 19/19 MP: 0/0
   367 | D:1      | Reached XP level 2. HP: 14/27 MP: 1/1
  1025 | D:2      | Reached XP level 3. HP: 24/33 MP: 2/2
  1153 | D:2      | Reached ** piety under Trog
  1154 | D:2      | Reached XP level 4. HP: 15/41 MP: 3/3
  1305 | D:2      | Identified the +0 sling "Yqunadin" {speed, rN+ Dex+4}
  2013 | D:3      | Reached XP level 5. HP: 47/47 MP: 4/4
  2082 | D:3      | Found a faded altar of an unknown god.
  3033 | D:4      | Found a sparkling altar of Nemelex Xobeh.
  3033 | D:4      | Found a broken altar of Ashenzari.
  3033 | D:4      | Found a glowing silver altar of Zin.
  3033 | D:4      | Found a hazy altar of Hepliaklqana.
  3069 | D:4      | Noticed an ogre
  3077 | D:4      | Killed an ogre
  3078 | D:4      | Reached skill level 5 in Fighting
  3078 | D:4      | Reached skill level 5 in Axes
  3079 | D:4      | You fall into a shaft and drop 3 floors!
  3162 | D:7      | Demolished by a wight

Illustrated notes

Levels and vault maps discovered:
D:1:      sevenhm_arrival_forest_fort_small_4, layout_loops_ring,
          hangedman_decor_growths, grunt_decor_arrowhead, item_on_display_a
D:2:      minmay_razor_zed, layout_basic
D:3:      layout_loops_corners, ebering_ecumenical_altar_abandoned
D:4:      layout_basic, chequers_temple_overflow_statue_of_worship
D:7:      layout_gridville

Skill      XL: |  1  2  3  4  5 |
---------------+----------------+-----
Fighting       | 4 5 |  5.0
Axes           | 4 5 |  5.0
Armour         | 3 4 |  4.2
Dodging        | 3 |  3.8

Action                     |  1- 3 |  4- 6 || total
---------------------------+-------+-------++-------
  Melee: Hand axe          |    39 |       ||    39
         Headbutt          |     5 |       ||     5
         Punch             |     1 |       ||     1
         Whip              |    21 |     3 ||    24
   Fire: Sling             |       |   138 ||   138
 Armour: Animal skin       |       |     8 ||     8
         Ring mail         |       |     1 ||     1
  Dodge: Dodged            |    29 |    43 ||    72

Table legend: (Time is in decaauts)
 A = Elapsed time spent in this place.
 B = Non-inter-level travel time spent in this place.
 C = Inter-level travel time spent in this place.
 D = Time resting spent in this place.
 E = Time spent auto-exploring this place.
 F = Levels seen in this place.
 G = Mean time per level.
                   A        B        C        D        E       F      G
               +--------+--------+--------+--------+--------+-----+--------+
         Total |   3158 |   3049 |    109 |      0 |   2675 |   5 |  631.6 |
       Dungeon |   3158 |   3049 |    109 |      0 |   2675 |   5 |  631.6 |
               +--------+--------+--------+--------+--------+-----+--------+

Top non-repeatable levels by time:
     D:2: 1039 daAuts
     D:3: 982 daAuts
     D:1: 864 daAuts
     D:4: 189 daAuts
     D:7: 83 daAuts
